 Dungeon Crawl Stone Soup version 0.31-a0-152-g6aa68a64a1 (webtiles) character file.

Game seed: 4736561989571508906

113 qw the Shooter (level 4, -7/39 HPs)
             Began as a Minotaur Hunter on June 9, 2023.
             Mangled by Grinder (9 damage)
             ... on level 3 of the Dungeon.
             The game lasted 00:00:54 (2844 turns).

qw the Shooter (Minotaur Hunter)                    Turns: 2844, Time: 00:00:55

Health: -7/39      AC:  7    Str: 15    XL:     4   Next: 65%
Magic:  3/3        EV: 11    Int:  6    God:
Gold:   9          SH:  0    Dex: 16    Spells: 3/3 levels left

rFire   . . .        Y - +0 shortbow
rCold   . . .        (shield currently unavailable)
rNeg    . . .        h - +0 ring mail
rPois   .            (helmet restricted)
rElec   .            o - +0 cloak
rCorr   .            (no gloves)
SInv    .            e - +0 pair of boots
Will    +....        (no amulet)
Stlth   +            g - ring of willpower
HPRegen 0.26/turn    (no ring)
MPRegen 0.08/turn

%: no passive effects
@: about to teleport
A: horns 2, retaliatory headbutt
a: no special abilities


You were on level 3 of the Dungeon.
You visited 1 branch of the dungeon, and saw 3 of its levels.

You collected 118 gold pieces.
You spent 109 gold pieces at shops.


Innate Abilities, Weirdness & Mutations

You have a pair of horns on your head.
You reflexively headbutt those who attack you in melee.


   Skills:
 + Level 3.6 Fighting
 - Level 6.0 Ranged Weapons
 - Level 1.4 Armour
 - Level 2.1 Dodging
 - Level 0.7 Stealth


You had 3 spell levels left.
You didn't know any spells.
Your spell library was empty.

Inventory:

Hand Weapons
 Y - a +0 shortbow (weapon)
Armour
 e - a +0 pair of boots (worn)
 h - a +0 ring mail (worn)
 o - a +0 cloak (worn)
Jewellery
 c - the ring "Lueguot" {rElec rC- Will+++ rCorr Dex+6}
   (You found it on level 3 of the Dungeon)

   [ring of dexterity]

   Dex:       It affects your dexterity (+6).
   rC:        It makes you vulnerable to cold.
   rElec:     It insulates you from electricity.
   rCorr:     It protects you from acid and corrosion.
   Will:      It greatly increases your willpower.
 g - a ring of willpower (left hand)
Scrolls
 b - a scroll of enchant armour {unknown}
 n - 4 scrolls of identify
 q - 2 scrolls of fog {unknown}
Potions
 d - a potion of attraction {unknown}
 f - 2 potions of curing
 i - a potion of resistance {unknown}
 j - a potion of haste
 k - a potion of heal wounds {unknown}
 l - 3 potions of brilliance {unknown}
 m - a potion of cancellation
 p - a potion of lignification {unknown}
 r - a potion of ambrosia {unknown}

Dungeon Overview and Level Annotations

Branches:
Dungeon (3/15)

Altars:
Vehumet

Shops:
D:1 *   D:3 *!:*

Annotations:
D:3 Grinder


Message History

Grinder blinks!
Grinder gestures at you. Pain shoots through your body!
You shoot an arrow. The arrow closely misses Grinder.
Grinder gestures at you. Pain shoots through your body!
You shoot an arrow. The arrow hits Grinder.
Grinder is moderately wounded.
You start resting.
Grinder is nearby!
You shoot an arrow. The arrow hits Grinder.
Grinder is heavily wounded.
You shoot an arrow. The arrow hits Grinder.
Grinder is heavily wounded.
You shoot an arrow. The arrow closely misses Grinder.
Grinder hits you.
You shoot an arrow. The arrow hits Grinder.
Grinder is heavily wounded.
Grinder hits you but does no damage.
You shoot an arrow. The arrow closely misses Grinder.
Grinder hits you.
You writhe in agony.
Grinder hits you but does no damage.
You shoot an arrow.
The arrow hits Grinder but does no damage.
Grinder is heavily wounded.
Grinder gestures at you.
You easily resist.
You shoot an arrow. The arrow hits Grinder.
Grinder is heavily wounded.
Grinder barely misses you.
You shoot an arrow. The arrow closely misses Grinder.
Grinder closely misses you. You furiously retaliate!
You headbutt Grinder. You shoot an arrow. The arrow hits Grinder!
Grinder is severely wounded.
Grinder gestures at you. Pain shoots through your body!
2844 ||| READING scroll of teleportation.
As you read the scroll of teleportation, it crumbles to dust.
You feel strangely unstable. Grinder hits you!
You die...

...##.#......_......###.#.##...%.
....#.#..#.#...#.#..#...#.##.....
....#.#......#......##..#.......#
....#.....#.....#...###..########
............#.#....## #....>.....
.....####.........#####.##..#####
.....# ##..............##..##
.....# ######5.....####...##
..'### #...@.....# #.#..# ..'#
#.........# #.##.### .8'######
#.........# ##+##...# ........#
#.........# #........
.\.8....########'###### #........
#<......'...<....# #........
#8......########## #........
#.......# #....#### #########
#############....# #


You could see Grinder.

Vanquished Creatures
  6 adders
  2 worms
  2 dart slugs (D:2)
  5 ball pythons
  4 endoplasms
  2 giant cockroaches
  6 goblins
  2 hobgoblins
  5 kobolds
  4 quokkas
  3 bats
  5 frilled lizards
  5 rats
51 creatures vanquished.

Vanquished Creatures (others)
  A goblin (D:1)
1 creature vanquished.

Grand Total: 52 creatures vanquished

Notes
Turn   | Place    | Note
-------+----------+-------------------------------------------
     0 | D:1      | qw the Minotaur Hunter began the quest for the Orb.
     0 | D:1      | Reached XP level 1. HP: 18/18 MP: 0/0
     0 | D:1      | 0 ||| qw: Version: 0.2-a-122-gbc61b45
     0 | D:1      | 0 ||| qw: Game counter: 3349
     0 | D:1      | 0 ||| qw: Always use a shield: true
     0 | D:1      | 0 ||| qw: God list: Okawaru
     0 | D:1      | 0 ||| qw: Allow faded altars: false
     0 | D:1      | 0 ||| qw: Do Orc after D:15 true
     0 | D:1      | 0 ||| qw: Do second Lair branch before Depths: true
     0 | D:1      | 0 ||| qw: Lair rune preference: random
     0 | D:1      | 0 ||| qw: Plans: Normal
     0 | D:1      | 0 ||| PLANNING D:1-11
   120 | D:1      | Reached XP level 2. HP: 25/25 MP: 1/1
   152 | D:1      | Reached skill level 5 in Ranged Weapons
   543 | D:1      | Found Sionn's General Store.
   553 | D:1      | 553 ||| SHOPLISTING +0 orcbow (42 gold, have 17).
   553 | D:1      | 553 ||| SHOPLISTING potion of mutation (96 gold, have 17).
   580 | D:1      | Reached skill level 3 in Fighting
   924 | D:1      | 924 ||| UPGRADING to +0 pair of boots.
   929 | D:1      | 929 ||| READING scroll labelled EGIJUOC UDAO.
   930 | D:1      | 930 ||| READING scroll labelled SULLAUTIKI.
   931 | D:1      | 931 ||| DRINKING 2 fizzy silvery potions.
   932 | D:1      | 932 ||| DROPPING scroll of butterflies.
  1046 | D:2      | Reached XP level 3. HP: 8/31 MP: 2/2
  1046 | D:2      | HP: 7/31 [poisoned by an adder]
  1294 | D:2      | Found a faded altar of an unknown god.
  1724 | D:2      | Reached XP level 4. HP: 38/38 MP: 3/3
  1803 | D:2      | Reached skill level 6 in Ranged Weapons
  1999 | D:2      | 1999 ||| UPGRADING to +0 ring mail.
  2009 | D:2      | 2009 ||| DROPPING +0 leather armour.
  2010 | D:2      | 2010 ||| UPGRADING to +0 cloak.
  2015 | D:2      | 2015 ||| UPGRADING to ring of willpower.
  2016 | D:2      | 2016 ||| READING 2 scrolls labelled CIAKKI EQOSKE.
  2019 | D:2      | 2019 ||| READING scroll labelled XAVACV YMOENUL.
  2020 | D:2      | 2020 ||| READING scroll labelled MAKHLA ZECKA.
  2021 | D:2      | 2021 ||| DRINKING 2 bubbling purple potions.
  2099 | D:3      | Identified the ring "Lueguot" {rElec rC- Will+++ rCorr
                  | Dex+6}
  2231 | D:3      | Reached skill level 1 in Armour
  2321 | D:3      | Found Ukhio's Assorted Antiques.
  2326 | D:3      | 2326 ||| BUYING grey potion (20 gold).
  2326 | D:3      | Bought a grey potion for 20 gold pieces
  2326 | D:3      | 2326 ||| BUYING inky potion (20 gold).
  2326 | D:3      | Bought an inky potion for 20 gold pieces
  2326 | D:3      | 2326 ||| SHOPLISTING potion of haste (230 gold, have 59).
  2326 | D:3      | 2326 ||| SHOPLISTING shiny gold wand (92 gold, have 59).
  2430 | D:3      | Found Typoadab's General Store.
  2435 | D:3      | 2435 ||| BUYING scroll of teleportation (39 gold).
  2435 | D:3      | Bought a scroll of teleportation for 39 gold pieces
  2435 | D:3      | 2435 ||| SHOPLISTING scroll of teleportation (39 gold, have
                  | 20).
  2443 | D:3      | Found Lanemnoll's Book Emporium.
  2492 | D:3      | Found a radiant altar of Vehumet.
  2539 | D:3      | Noticed Grinder
  2547 | D:3      | HP: 9/39 [Grinder (9)]
  2548 | D:3      | 2548 ||| READING 2 scrolls of teleportation.
  2551 | D:3      | Found Elosib's Distillery.
  2677 | D:3      | 2677 ||| SHOPLISTING 2 potions of resistance (200 gold,
                  | have 39).
  2677 | D:3      | 2677 ||| BUYING potion of curing (30 gold).
  2677 | D:3      | Bought a potion of curing for 30 gold pieces
  2677 | D:3      | 2677 ||| SHOPLISTING potion of might (40 gold, have 9).
  2843 | D:3      | HP: 2/39 [Grinder/nerve-wracking pain (10)]
  2844 | D:3      | 2844 ||| READING scroll of teleportation.
  2844 | D:3      | Mangled by Grinder

Levels and vault maps discovered:
D:1:      psy_arrival_conway, layout_basic, serial_shops, shop, nrook_campfire,
          serial_park_tiny_pond, minmay_misc_feat_room, grunt_decor_arrowhead,
          minmay_hedge_maze
D:2:      minmay_alternating_diamond, layout_loops_corners,
          ebering_ecumenical_altar_petrified, minmay_heptomino_l4
D:3:      layout_basic, nicolae_vehumet_radiance, serial_shops,
          nicolae_shop_statue_plus, nicolae_shop_just_a_little_nook,
          nicolae_square_shop, nicolae_square_shop, uniq_grinder

Skill      XL: |  1  2  3  4 |
---------------+-------------+-----
Ranged Weapons | 5 6 |  6.0
Fighting       | 3 |  3.6
Armour         | 1 |  1.4
Dodging        | |  2.1
Stealth        | |  0.7

Action                     |  1- 3 |  4- 6 || total
---------------------------+-------+-------++-------
   Fire: Shortbow          |   103 |    86 ||   189
    Use: Scroll            |     2 |     5 ||     7
         Potion            |     1 |     1 ||     2
 Armour: Leather armour    |     8 |     2 ||    10
         Ring mail         |       |    14 ||    14
  Dodge: Dodged            |    14 |    10 ||    24

Table legend:
 A = Non-vault XP
 B = Vault XP
 C = Vault XP percentage of total XP
 D = Non-vault monster count
 E = Vault monster count
 F = Vault count percentage of total count
                 A         B        C        D         E       F
            +---------+---------+-------+---------+---------+-------
      Total |     137 |      25 |  15.4 |      45 |       6 |  11.8
            +---------+---------+-------+---------+---------+-------
        D:1 |      32 |       0 |   0.0 |      20 |       0 |   0.0
        D:2 |      47 |      25 |  34.7 |      12 |       6 |  33.3
        D:3 |      58 |       0 |   0.0 |      13 |       0 |   0.0
            +---------+---------+-------+---------+---------+-------
